[Event "Titled Tuesday Blitz June 13 Late 2023"]
[White "Polanco Nunez, Yoel Estarling"]
[Black "ArtemDyachuk"]
[WhiteFideId "6401783"]
[WhiteElo "2132"]
[BlackElo "2627"]
[Result "0-1"]
[Round "1"]
[TimeControl "180+2"]
[Date "2023.06.13"]
[WhiteClock "0:00:02"]
[BlackClock "0:00:06"]
[Board "135"]

1. d4 Nf6 2. c4 e6 3. Nf3 c5 4. d5 d6 5. Nc3 exd5 6. cxd5 g6 7. e4 Bg7 8. Bb5+ Nbd7 9. O-O O-O 10. a4 a6 11. Bxd7 Bxd7 12. a5 Bb5 13. Re1 Nd7 14. Bf4 Qe7 15. Qd2 c4 16. Nd4 Nc5 17. Rad1 Nd3 18. Ndxb5 axb5 19. Nxb5 Rfd8 20. Re2 Nxb2 21. Rc1 Nd3 22. Rxc4 Nxf4 23. Qxf4 Rxa5 24. Rc7 Qe5 25. Qxf7+ Kh8 26. f4 Qa1+ 27. Kf2 Rf8 28. Qd7 Rxf4+ 29. Ke3 Rf8 30. Nc3 Qg1+ 31. Kd3 Qd4+ 32. Kc2 Rg8 33. Rd2 Qb4 34. Rxb7 Qxc3+ 35. Kd1 Ra1+ 36. Ke2 Qc4+ 37. Kf3 Rf1+ 38. Rf2 Qd3+ 39. Kg4 Qxe4+ 40. Kg3 Qe3+ 41. Rf3 Qg5+ 42. Kh3 Qh5+ 43. Kg3 Be5+ 44. Rf4 Bxf4# 0-1


[Site "https://www.chess.com"]

[Event "Titled Tuesday Blitz June 13 Late 2023"]
[White "Adewumi, Tanitoluwa"]
[Black "SilverCityIndigo"]
[WhiteFideId "30966396"]
[WhiteElo "2626"]
[BlackElo "2331"]
[Result "1-0"]
[Round "1"]
[TimeControl "180+2"]
[Date "2023.06.13"]
[WhiteClock "0:00:10"]
[BlackClock "0:00:15"]
[Board "136"]

1. e4 c5 2. Nf3 Nf6 3. e5 Nd5 4. Nc3 Nxc3 5. dxc3 Nc6 6. Bc4 e6 7. O-O h6 8. Re1 g5 9. Bb5 Qc7 10. Bxc6 Qxc6 11. Nd2 Bg7 12. Nc4 O-O 13. Qh5 Qd5 14. Nd6 f6 15. exf6 Rxf6 16. Ne8 Rf5 17. Qg6 Rf7 18. Nxg7 Rxg7 19. Qxh6 b5 20. c4 bxc4 21. b3 Bb7 22. f3 g4 23. Bb2 c3 24. Bxc3 Rg5 25. Rad1 gxf3 26. Rxd5 Rxg2+ 27. Kf1 Bxd5 28. Qh8+ Kf7 29. Qxa8 Bxa8 30. Rd1 Bd5 31. Be5 Rxc2 32. Rd3 c4 33. Re3 cxb3 34. axb3 Rb2 35. Bxb2 Kg6 36. Kf2 Kf5 37. Rxf3+ Bxf3 38. Kxf3 d5 39. h4 e5 40. h5 e4+ 41. Ke3 Kg5 42. Kd4 Kxh5 43. Kxd5 e3 44. Bc3 e2 45. Ke4 Kg4 46. Ke3 Kf5 47. Kxe2 Ke6 48. Kd3 Kd5 49. b4 Kc6 50. Kc4 a6 51. Bd4 Kd6 52. Bb6 Kc6 53. Ba5 Kb7 54. Kd5 Ka7 55. Kc6 Kb8 56. Kb6 Ka8 57. Kxa6 Kb8 58. b5 Kc8 59. Ka7 1-0


[Site "https://www.chess.com"]

[Event "Titled Tuesday Blitz June 13 Late 2023"]
[White "Kaufman, Raymond"]
[Black "Rostomyan, Mikayel"]
[WhiteFideId "2015056"]
[BlackFideId "13313754"]
[WhiteElo "2264"]
[BlackElo "2061"]
[Result "0-1"]
[Round "1"]
[TimeControl "180+2"]
[Date "2023.06.13"]
[WhiteClock "0:00:00"]
[BlackClock "0:00:03"]
[Board "137"]

1. d4 d5 2. Bf4 Nf6 3. e3 e6 4. Nf3 Bd6 5. Ne5 O-O 6. Bd3 c5 7. c3 Nc6 8. Nd2 Qc7 9. Ndf3 h6 10. h3 Nd7 11. Nxd7 Bxd7 12. Bxd6 Qxd6 13. O-O e5 14. dxc5 Qxc5 15. e4 Be6 16. exd5 Qxd5 17. Qe2 Rad8 18. Rfd1 Qc5 19. Be4 Bc4 20. Qe1 f6 21. Nh4 Bf7 22. Nf5 Ne7 23. b4 Qc7 24. Ne3 b6 25. c4 Rd4 26. Rxd4 exd4 27. Nd5 Nxd5 28. Bxd5 Qe5 29. Bxf7+ Kxf7 30. Qd2 Rd8 31. Re1 Qd6 32. a3 d3 33. Re3 Qd4 34. c5 bxc5 35. bxc5 Qa1+ 36. Kh2 Qxa3 37. c6 Qd6+ 38. g3 Qxc6 39. Rxd3 Rxd3 40. Qxd3 a5 41. Qd8 Qa6 42. Qd7+ Kf8 43. Qd8+ Kf7 44. Qd7+ Kg6 45. Qg4+ Kh7 46. Qf5+ Kg8 47. Qd5+ Kh7 48. Qf5+ Kh8 49. Qe6 Qa8 0-1


[Site "https://www.chess.com"]

[Event "Titled Tuesday Blitz June 13 Late 2023"]
[White "Bjelobrk, Igor"]
[Black "Shapiro, Daniel"]
[WhiteFideId "4300726"]
[BlackFideId "2001780"]
[WhiteElo "2319"]
[BlackElo "2328"]
[Result "1-0"]
[Round "1"]
[TimeControl "180+2"]
[Date "2023.06.13"]
[WhiteClock "0:01:24"]
[BlackClock "0:00:03"]
[Board "138"]

1. d4 Nf6 2. c4 e6 3. g3 d5 4. Nf3 Bb4+ 5. Bd2 Be7 6. Bg2 c6 7. O-O O-O 8. Qc2 b6 9. Bf4 Ba6 10. Nbd2 Nbd7 11. Rfd1 Nh5 12. Be3 f5 13. cxd5 cxd5 14. Qc6 Rf6 15. Bf1 Rg6 16. Kh1 Rc8 17. Qa4 Nb8 18. Rac1 Bd6 19. Ne5 Rxc1 20. Rxc1 Bxe5 21. dxe5 f4 22. Bxf4 b5 23. Qd4 Qe7 24. Nf3 Bb7 25. Qxa7 Nxf4 26. Qxb8+ Qe8 27. Qxe8# 1-0


[Site "https://www.chess.com"]

[Event "Titled Tuesday Blitz June 13 Late 2023"]
[White "Adury, Anant"]
[Black "Manukyan, Sargis A."]
[WhiteFideId "30964687"]
[BlackFideId "13303970"]
[WhiteElo "2326"]
[BlackElo "2187"]
[Result "1/2-1/2"]
[Round "1"]
[TimeControl "180+2"]
[Date "2023.06.13"]
[WhiteClock "0:00:04"]
[BlackClock "0:00:08"]
[Board "139"]

1. Nf3 d5 2. g3 e6 3. Bg2 Nf6 4. O-O Be7 5. d3 O-O 6. Nbd2 Nc6 7. e4 dxe4 8. Nxe4 Nxe4 9. dxe4 e5 10. Be3 Be6 11. c3 f6 12. b3 Qxd1 13. Rfxd1 Rfd8 14. Bf1 Kf7 15. Nd2 a6 16. Bc4 b5 17. Bxe6+ Kxe6 18. Nf3 Rxd1+ 19. Rxd1 Rd8 20. Rxd8 Nxd8 21. Kf1 Nb7 22. Ke2 g6 23. Nd2 f5 24. f3 Bc5 25. b4 Bxe3 26. Kxe3 c5 27. a3 c4 28. f4 Nd6 29. h3 exf4+ 30. Kxf4 h6 31. h4 Nf7 32. exf5+ gxf5 33. Nf3 Kf6 34. Nd4 Nd6 35. g4 fxg4 36. Kxg4 Ne4 37. Ne2 Kg7 38. Kf4 Nd2 39. Ke5 Nb1 40. Kd6 Nxa3 41. Kc6 Kg6 42. Kb6 Kh5 43. Kxa6 Kxh4 44. Nd4 Kg4 45. Nxb5 Nb1 46. Nd6 h5 47. b5 Nxc3 48. b6 Na4 49. Nxc4 h4 50. Ne3+ Kf3 51. Nf1 Kg2 52. Ne3+ Kf2 53. Ng4+ Kg3 54. Ne3 Nc5+ 55. Kb5 Nb7 56. Kc6 Na5+ 57. Kb5 Nb7 58. Kc6 Na5+ 59. Kb5 Nb7 1/2-1/2


[Site "https://www.chess.com"]

[Event "Titled Tuesday Blitz June 13 Late 2023"]
[White "Fiorito, Joaquin"]
[Black "Korpics, Zsolt"]
[WhiteFideId "180173"]
[BlackFideId "705241"]
[WhiteElo "2199"]
[BlackElo "2325"]
[Result "1-0"]
[Round "1"]
[TimeControl "180+2"]
[Date "2023.06.13"]
[WhiteClock "0:01:42"]
[BlackClock "0:00:23"]
[Board "140"]

1. d4 Nf6 2. c4 e6 3. Nc3 Bb4 4. e3 O-O 5. Bd2 d5 6. Nf3 c5 7. a3 Bxc3 8. Bxc3 cxd4 9. exd4 dxc4 10. Bxc4 b6 11. O-O Bb7 12. Qe2 Nbd7 13. Rac1 Rc8 14. Bb4 Re8 15. Bb5 Nd5 16. Bd6 Rxc1 17. Rxc1 N7f6 18. Bxe8 Qxd6 19. Bb5 Nf4 20. Qe5 Qxe5 21. Nxe5 h5 22. f3 a6 23. Rc7 axb5 24. Rxb7 Ne2+ 25. Kf2 Nxd4 26. Rxb6 Nd5 27. Rb8+ Kh7 28. Nxf7 Kg6 29. Nd6 Nf4 30. Nxb5 Nc6 31. Rb6 Ne5 32. Nd4 Nfd3+ 33. Kg1 Kf7 34. Nxe6 Nxb2 35. Ng5+ Ke7 36. Rxb2 1-0


[Site "https://www.chess.com"]

[Event "Titled Tuesday Blitz June 13 Late 2023"]
[White "Arias Igual, Alejandro"]
[Black "Chernobay, Artem"]
[WhiteFideId "2254905"]
[BlackFideId "4167406"]
[WhiteElo "2179"]
[BlackElo "2474"]
[Result "0-1"]
[Round "1"]
[TimeControl "180+2"]
[Date "2023.06.13"]
[WhiteClock "0:01:00"]
[BlackClock "0:01:43"]
[Board "141"]

1. e4 e6 2. d4 d5 3. exd5 exd5 4. Nf3 Bd6 5. c4 c6 6. Nc3 Ne7 7. cxd5 Nxd5 8. h3 O-O 9. Be2 Nd7 10. Nxd5 cxd5 11. O-O h6 12. Bd3 Nf6 13. Re1 b6 14. Ne5 Bb7 15. Bd2 Ne4 16. Rc1 Re8 17. a3 Qh4 18. Be3 Bxe5 19. dxe5 Rxe5 20. Rc7 Re7 21. g3 Qf6 22. Bd4 Qxd4 23. Rxe7 Qxf2+ 24. Kh1 Nxg3# 0-1


[Site "https://www.chess.com"]

[Event "Titled Tuesday Blitz June 13 Late 2023"]
[White "Gonzalez Vega, Alejandro"]
[Black "Seemann, Jakub"]
[WhiteFideId "3510042"]
[BlackFideId "21874697"]
[WhiteElo "2310"]
[BlackElo "2364"]
[Result "0-1"]
[Round "1"]
[TimeControl "180+2"]
[Date "2023.06.13"]
[WhiteClock "0:00:00"]
[BlackClock "0:00:27"]
[Board "143"]

1. e4 e5 2. Nf3 Nc6 3. d4 exd4 4. Bc4 Nf6 5. e5 d5 6. Bb5 Ne4 7. Nxd4 Bd7 8. Bxc6 bxc6 9. O-O Bc5 10. f3 Ng5 11. f4 Ne4 12. c3 O-O 13. Nd2 Nxd2 14. Bxd2 Bb6 15. Qh5 c5 16. Nb3 c4+ 17. Nd4 c5 18. Nf3 d4 19. f5 g6 20. Qh6 f6 21. fxg6 Qe7 22. exf6 Rxf6 23. gxh7+ Kh8 24. Rae1 Qf8 25. Qxf8+ Raxf8 26. Re7 Bc6 27. Bg5 Rf5 28. Bh6 R8f7 29. Rfe1 Bxf3 30. gxf3 Kxh7 31. Rxf7+ Rxf7 32. Re6 Rxf3 33. Bg5 dxc3 34. bxc3 Rxc3 35. Bf6 Rc2 36. a4 c3 37. h4 c4+ 38. Kf1 Rf2+ 39. Ke1 c2 40. Bg5 Rg2 41. Re7+ Kg6 42. Re6+ Kf5 43. Rf6+ Ke5 0-1


[Site "https://www.chess.com"]

[Event "Titled Tuesday Blitz June 13 Late 2023"]
[White "Fiorito, Francisco"]
[Black "rikchessmx"]
[WhiteFideId "180165"]
[WhiteElo "2319"]
[BlackElo "2307"]
[Result "1-0"]
[Round "1"]
[TimeControl "180+2"]
[Date "2023.06.13"]
[WhiteClock "0:00:13"]
[BlackClock "0:00:38"]
[Board "144"]

1. d4 Nf6 2. Nc3 d5 3. Bf4 c6 4. e3 Qb6 5. a3 Bf5 6. Rb1 Nbd7 7. f3 e6 8. g4 Bg6 9. h4 h5 10. g5 Ng8 11. Nh3 Ne7 12. Bd3 Bxd3 13. Qxd3 Nf5 14. Ne2 c5 15. c3 c4 16. Qc2 Bd6 17. e4 Bxf4 18. Nhxf4 dxe4 19. fxe4 Ne3 20. Qd2 Ng4 21. e5 Qc6 22. Ng3 O-O-O 23. Qg2 Qa4 24. Ne4 Ndxe5 25. dxe5 Nxe5 26. O-O Qc6 27. Rbd1 f5 28. gxf6 gxf6 29. Nxf6 Qb6+ 30. Kh1 Ng4 31. Nxg4 hxg4 32. Qxg4 Qc6+ 33. Kh2 Rde8 34. Ng6 Qc7+ 35. Qg3 Rhg8 36. Qxc7+ Kxc7 37. Ne5 b5 38. Rf7+ Kb6 39. Rdd7 Rd8 40. Rb7+ Kc5 41. Rfc7+ Kd6 42. Nf7+ Kd5 43. Nxd8 Rxd8 44. Rd7+ 1-0


[Site "https://www.chess.com"]

[Event "Titled Tuesday Blitz June 13 Late 2023"]
[White "Ardila, Oscar Humberto"]
[Black "Kavutskiy, Konstantin"]
[WhiteFideId "4404742"]
[BlackFideId "2026384"]
[WhiteElo "1912"]
[BlackElo "2323"]
[Result "0-1"]
[Round "1"]
[TimeControl "180+2"]
[Date "2023.06.13"]
[WhiteClock "0:00:36"]
[BlackClock "0:00:32"]
[Board "145"]

1. d4 Nf6 2. c4 g6 3. Nc3 Bg7 4. e4 d6 5. Nf3 O-O 6. Be2 e5 7. d5 Nbd7 8. O-O Nc5 9. Qc2 a5 10. Bg5 h6 11. Bxf6 Bxf6 12. b3 Bg7 13. a3 f5 14. Nd2 h5 15. b4 Nd7 16. exf5 gxf5 17. Bxh5 Qg5 18. Be2 e4 19. Rad1 axb4 20. axb4 Ne5 21. Nb5 Rf7 22. Kh1 Bf6 23. Nd4 Rh7 24. h3 Ra3 25. f3 Qg3 26. Nxe4 fxe4 27. Qxe4 Bxh3 28. Qxh7+ Kxh7 29. gxh3 Qxh3+ 30. Kg1 Bg5 31. Nc2 Bf4 32. Rf2 Ra2 33. Bf1 Nxf3+ 34. Rxf3 Qxf3 35. Bd3+ Kh8 0-1


[Site "https://www.chess.com"]

[Event "Titled Tuesday Blitz June 13 Late 2023"]
[White "Fernandez Garcia, Gumersindo"]
[Black "Yolosz"]
[WhiteFideId "24516740"]
[WhiteElo "2093"]
[BlackElo "2304"]
[Result "0-1"]
[Round "1"]
[TimeControl "180+2"]
[Date "2023.06.13"]
[WhiteClock "0:00:09"]
[BlackClock "0:00:03"]
[Board "146"]

1. d4 Nf6 2. c4 e6 3. Nf3 b6 4. g3 Bb7 5. Bg2 d5 6. cxd5 exd5 7. O-O Be7 8. Ne5 O-O 9. Nc3 c6 10. Bf4 Na6 11. Rc1 Nc7 12. e4 Ne6 13. Be3 Rc8 14. exd5 Nxd5 15. Nxd5 cxd5 16. Qa4 a6 17. Rxc8 Qxc8 18. Rc1 Qa8 19. Nd7 Rc8 20. Nxb6 Rxc1+ 21. Bxc1 Qd8 22. Nd7 Nxd4 23. Qxd4 Qxd7 24. h4 Bf6 25. Qb6 h6 26. b3 Qc6 27. Qe3 Qd7 28. Ba3 d4 29. Qd2 Bxg2 30. Kxg2 Qd5+ 31. Kg1 Qe4 32. Bb2 d3 33. Bxf6 gxf6 34. f4 Qf3 35. Qf2 Qd1+ 36. Kh2 d2 37. f5 Qe1 38. Qf4 Qe2+ 39. Kh3 d1=Q 40. Qb8+ Kh7 41. g4 Qh1+ 42. Kg3 Qe3# 0-1


[Site "https://www.chess.com"]

[Event "Titled Tuesday Blitz June 13 Late 2023"]
[White "Ziatdinov, Raset"]
[Black "Haydon, David L"]
[WhiteFideId "2015323"]
[BlackFideId "415405"]
[WhiteElo "2220"]
[BlackElo "2326"]
[Result "1/2-1/2"]
[Round "1"]
[TimeControl "180+2"]
[Date "2023.06.13"]
[WhiteClock "0:00:09"]
[BlackClock "0:00:25"]
[Board "147"]

1. e4 c6 2. d4 d5 3. Nc3 dxe4 4. Nxe4 Bf5 5. Ng3 Bg6 6. h4 h6 7. Nf3 Nd7 8. h5 Bh7 9. Bd3 Bxd3 10. Qxd3 e6 11. Bd2 Ngf6 12. O-O-O Bd6 13. Ne4 Nxe4 14. Qxe4 Nf6 15. Qe3 Qc7 16. Kb1 O-O-O 17. c4 Ng4 18. Qe2 Bf4 19. Bc3 Rhe8 20. Ne5 Nxe5 21. dxe5 Bg5 22. g3 Be7 23. f4 Bc5 24. g4 Kb8 25. g5 Qb6 26. Qe4 Rxd1+ 27. Rxd1 Rd8 28. Qf3 Be7 29. gxh6 gxh6 30. b3 Rxd1+ 31. Qxd1 Kc7 32. Qd2 Qg1+ 33. Kb2 Qg4 34. Qh2 Bc5 35. Bd2 Bd4+ 36. Kc2 Qf5+ 37. Kc1 c5 38. Qg2 Qxh5 39. Qe4 Qf5 40. Qh1 h5 41. Ba5+ Kc8 42. Bd2 Qg4 43. Qf1 Qg1 44. Qxg1 Bxg1 45. Kd1 h4 46. Ke2 h3 47. Kf3 h2 48. Kg2 Kd7 49. Be1 Ke7 50. Bg3 Bd4 51. Bxh2 f6 52. exf6+ Kxf6 53. Kf3 Kf5 54. Bg3 a6 55. Bh2 b5 56. a4 bxa4 57. bxa4 Bc3 58. Bg1 Ba5 59. Be3 Bb4 60. Bf2 e5 61. fxe5 Kxe5 62. Ke3 Ba3 63. Kd3 Bb4 64. Bg3+ Kf5 65. Bc7 Kg4 66. Ke4 Kg5 67. Kd5 Kf5 68. Bd6 Kf6 69. Bxc5 Bc3 70. Bb6 Ke7 71. c5 Kd7 72. c6+ Kc8 73. Kc4 Be1 74. Kd5 Bd2 75. Kd6 Bb4+ 76. Bc5 Be1 77. c7 Ba5 78. Kc6 Bxc7 79. Bb6 Bb8 80. Bc5 Bc7 81. Bd6 Bd8 82. Bc5 Kb8 83. Bd6+ Ka7 84. Bc5+ Ka8 85. Bd6 Bf6 86. Bc5 Bd8 87. Bd6 Ka7 88. Bc5+ Kb8 89. Bd6+ Kc8 90. Bc5 Bc7 1/2-1/2


[Site "https://www.chess.com"]

[Event "Titled Tuesday Blitz June 13 Late 2023"]
[White "Hajiyev, Kanan"]
[Black "Zhukov, Maksim"]
[WhiteFideId "13404148"]
[BlackFideId "34181790"]
[WhiteElo "2115"]
[BlackElo "1925"]
[Result "1-0"]
[Round "1"]
[TimeControl "180+2"]
[Date "2023.06.13"]
[WhiteClock "0:00:12"]
[BlackClock "0:00:11"]
[Board "148"]

1. d4 Nf6 2. Nf3 d5 3. c4 dxc4 4. Nc3 a6 5. a4 Bg4 6. e4 e5 7. dxe5 Qxd1+ 8. Kxd1 Nfd7 9. Bf4 Nc6 10. Bxc4 Ndxe5 11. Be2 O-O-O+ 12. Kc1 Bxf3 13. gxf3 Nd3+ 14. Bxd3 Rxd3 15. Be3 Nb4 16. Rd1 Bd6 17. Rxd3 Nxd3+ 18. Kc2 Nb4+ 19. Kb3 Nd3 20. Rd1 Nc5+ 21. Kc4 Nxa4 22. Nxa4 b5+ 23. Kb3 bxa4+ 24. Kxa4 Bxh2 25. f4 g5 26. fxg5 Bd6 27. Rh1 Kd7 28. f3 Ke6 29. Bd4 Be5 30. Rh6+ f6 31. Bxe5 Kxe5 32. Rxf6 Rg8 33. Rf5+ Kd4 34. Ka5 Rg6 35. b4 Re6 36. Rf7 Re5+ 37. Kxa6 Rxg5 38. Rxh7 Rg6+ 39. Ka5 Rf6 40. Rxc7 Rxf3 41. b5 Kxe4 42. b6 Ra3+ 43. Kb4 Ra1 44. Rd7 Rb1+ 45. Kc5 Ke5 46. Re7+ Kf6 47. Re4 Kf5 48. Rb4 Rc1+ 49. Kd6 Rd1+ 50. Kc6 Rc1+ 51. Kb5 Rc8 52. b7 Rh8 53. Kb6 Ke6 54. Rd4 Rg8 55. Ka7 Rg7 56. Ka8 Ke5 57. b8=Q+ Kf5 58. Qf8+ Ke5 59. Qxg7+ Ke6 60. Qg5 Kf7 61. Qe5 Kf8 62. Rd7 Kg8 63. Qg7# 1-0


[Site "https://www.chess.com"]

[Event "Titled Tuesday Blitz June 13 Late 2023"]
[White "Kostiukov, Alexandr"]
[Black "Bartel, Michal"]
[WhiteFideId "14108100"]
[BlackFideId "1119257"]
[WhiteElo "2202"]
[BlackElo "2282"]
[Result "0-1"]
[Round "1"]
[TimeControl "180+2"]
[Date "2023.06.13"]
[WhiteClock "0:00:12"]
[BlackClock "0:01:17"]
[Board "149"]

1. g3 d5 2. Bg2 Bf5 3. c4 e6 4. cxd5 exd5 5. Qb3 Nf6 6. Qxb7 Nbd7 7. Qb3 Rb8 8. Qd1 Bc5 9. Nf3 O-O 10. O-O Re8 11. d4 Bd6 12. Nc3 h6 13. b3 Ne4 14. Bb2 Ndf6 15. Nd2 c5 16. dxc5 Bxc5 17. Ndxe4 dxe4 18. Qxd8 Rbxd8 19. Rfd1 e3 20. f4 Rd2 21. Na4 Bf8 22. Rxd2 exd2 23. h3 Rxe2 24. Nc3 Re1+ 25. Kf2 Bc5+ 26. Kf3 Bc2 27. Bf1 Rxa1 28. Bxa1 d1=Q+ 29. Nxd1 Bxd1+ 30. Be2 Bxe2+ 31. Kxe2 Ne4 32. g4 Nd6 33. Kd3 g6 34. Be5 Kf8 35. Bd4 Bxd4 36. Kxd4 Ke7 37. Kc5 Kd7 38. b4 Ne4+ 39. Kb5 Kc7 40. Ka6 Kb8 41. a4 Nf2 42. b5 Nxh3 43. a5 Nxf4 44. b6 axb6 45. axb6 h5 0-1


[Site "https://www.chess.com"]

[Event "Titled Tuesday Blitz June 13 Late 2023"]
[White "Moral Garcia, Serafin"]
[Black "Rodriguez Santiago, Jaime"]
[WhiteFideId "2201925"]
[BlackFideId "3100898"]
[WhiteElo "2274"]
[BlackElo "2025"]
[Result "1-0"]
[Round "1"]
[TimeControl "180+2"]
[Date "2023.06.13"]
[WhiteClock "0:00:35"]
[BlackClock "0:00:33"]
[Board "150"]

1. c4 e5 2. Nc3 Nf6 3. Nf3 Nc6 4. g3 Bc5 5. Bg2 d6 6. e3 a5 7. d4 exd4 8. exd4 Ba7 9. h3 O-O 10. O-O h6 11. b3 Bf5 12. Re1 Re8 13. Be3 Nb4 14. Nh4 Bh7 15. Re2 Rb8 16. a3 Nc6 17. Qd2 Ne4 18. Nxe4 Bxe4 19. Bxe4 Rxe4 20. Rae1 Nxd4 21. Bxd4 Rxd4 22. Qc2 Bc5 23. Nf5 g6 24. Nxd4 Bxd4 25. Qe4 Bg7 26. Qe8+ Kh7 27. Qxf7 Qg5 28. Re7 1-0


[Site "https://www.chess.com"]

[Event "Titled Tuesday Blitz June 13 Late 2023"]
[White "Ward, Ieuan C"]
[Black "Budisavljevic, Luka"]
[WhiteFideId "406627"]
[BlackFideId "960047"]
[WhiteElo "2288"]
[BlackElo "2419"]
[Result "0-1"]
[Round "1"]
[TimeControl "180+2"]
[Date "2023.06.13"]
[WhiteClock "0:00:07"]
[BlackClock "0:00:51"]
[Board "151"]

1. d4 d5 2. c4 c6 3. cxd5 cxd5 4. Nf3 Nc6 5. Nc3 Nf6 6. Bf4 a6 7. e3 Bg4 8. h3 Bh5 9. Be2 e6 10. O-O Bb4 11. Rc1 O-O 12. Ne5 Nxe5 13. Bxe5 Bxe2 14. Qxe2 Nd7 15. Bg3 Qa5 16. a3 Be7 17. Rc2 Rac8 18. Rfc1 Rc6 19. Nb1 Rfc8 20. Rxc6 Rxc6 21. Rxc6 bxc6 22. Qc2 Qb6 23. b4 h6 24. Nc3 a5 25. Na4 Qb5 26. Nc5 axb4 27. axb4 Nb6 28. Qc3 Nc4 29. Kh2 Qb6 30. Bf4 Qa7 31. g4 Qa2 32. Kg3 Qe2 33. Nd3 Nd2 34. Kg2 Qf1+ 35. Kg3 Qg1# 0-1


[Site "https://www.chess.com"]

[Event "Titled Tuesday Blitz June 13 Late 2023"]
[White "robertoalejandro10"]
[Black "Sarkar, Justin"]
[BlackFideId "2010011"]
[WhiteElo "2601"]
[BlackElo "2151"]
[Result "1-0"]
[Round "1"]
[TimeControl "180+2"]
[Date "2023.06.13"]
[WhiteClock "0:00:31"]
[BlackClock "0:00:00"]
[Board "152"]

1. Nf3 d5 2. b3 Nc6 3. Bb2 Bg4 4. g3 Bxf3 5. exf3 e5 6. Bg2 Nf6 7. O-O Bd6 8. f4 exf4 9. Re1+ Kf8 10. Nc3 Be5 11. Rb1 h5 12. b4 fxg3 13. hxg3 Bd4 14. b5 Ne5 15. Nxd5 Bxb2 16. Rxb2 Nd3 17. cxd3 Nxd5 18. Qb3 c6 19. Rc2 Qd6 20. bxc6 bxc6 21. Qb7 Rd8 22. Rxc6 Qb4 23. Qa6 Qxd2 24. Rb1 Kg8 25. Rc8 Rxc8 26. Qxc8+ Kh7 27. Be4+ g6 28. Qd7 1-0


[Site "https://www.chess.com"]

[Event "Titled Tuesday Blitz June 13 Late 2023"]
[White "Celestino, Rafael Teixeira"]
[Black "ATM622"]
[WhiteFideId "2108925"]
[WhiteElo "2285"]
[BlackElo "2600"]
[Result "0-1"]
[Round "1"]
[TimeControl "180+2"]
[Date "2023.06.13"]
[WhiteClock "0:01:36"]
[BlackClock "0:01:00"]
[Board "153"]

1. e4 c6 2. Nf3 d5 3. Nc3 dxe4 4. Nxe4 Nf6 5. Neg5 h6 6. Nxf7 Kxf7 7. Bc4+ Ke8 8. Ne5 e6 9. Qe2 Bd6 10. Ng6 Rg8 11. Bxe6 Bxe6 12. Qxe6+ Be7 13. O-O Qd7 14. Qe2 Kd8 15. Re1 Re8 16. Qf3 Qd5 17. Qh3 Na6 18. d4 Qh5 19. Qg3 Rc8 20. Bd2 Qg4 21. Qd3 Nb4 22. Bxb4 Bxb4 23. Rxe8+ Kxe8 24. c3 Bd6 25. Re1+ Kf7 26. Ne5+ Bxe5 27. dxe5 Nd5 28. c4 Qxg2+ 29. Kxg2 Nf4+ 30. Kf3 Nxd3 31. Rd1 Nxe5+ 32. Ke4 Nxc4 33. Rd7+ Kg6 34. Rxb7 Nd6+ 0-1


[Site "https://www.chess.com"]

[Event "Titled Tuesday Blitz June 13 Late 2023"]
[White "Dobrowolski, Piotr"]
[Black "Souza, Adwilhans Luciano"]
[WhiteFideId "1106236"]
[BlackFideId "2101793"]
[WhiteElo "2305"]
[BlackElo "2288"]
[Result "1-0"]
[Round "1"]
[TimeControl "180+2"]
[Date "2023.06.13"]
[WhiteClock "0:00:33"]
[BlackClock "0:00:10"]
[Board "154"]

1. e4 e5 2. Nf3 Nc6 3. Bb5 f5 4. d3 fxe4 5. dxe4 Nf6 6. O-O Bc5 7. Bxc6 bxc6 8. Nxe5 O-O 9. Nc3 d5 10. Nxc6 Qe8 11. exd5 Ng4 12. Nd4 Nxh2 13. Kxh2 Qe5+ 14. f4 Qxd4 15. Qxd4 Bxd4 16. Nb5 Bb6 17. c4 Bf5 18. Re1 Rae8 19. Bd2 Bd3 20. b3 a6 21. Nc3 Bd4 22. Rxe8 Rxe8 23. Re1 Rxe1 24. Bxe1 Bxc3 25. Bxc3 Bb1 26. c5 Kf7 27. a3 Ba2 28. d6 cxd6 29. cxd6 Bxb3 30. Bxg7 Be6 31. Bc3 Kg6 32. Kg3 Kf5 33. Kf3 h5 34. g3 Bd7 35. Ke3 Kg4 36. Be1 Kf5 37. Kd4 Bb5 38. Kc5 Ke6 39. Bb4 Bd3 40. Kb6 Kd7 41. f5 Bxf5 42. Kxa6 Kc6 43. Ka7 Bc2 44. Kb8 Bf5 45. a4 Bg4 46. a5 Kb5 47. Kc7 Kxb4 48. a6 1-0


[Site "https://www.chess.com"]

[Event "Titled Tuesday Blitz June 13 Late 2023"]
[White "Matsuura, Frederico"]
[Black "Sydoryka, Vladyslav"]
[WhiteFideId "2107848"]
[BlackFideId "14145928"]
[WhiteElo "2302"]
[BlackElo "2269"]
[Result "0-1"]
[Round "1"]
[TimeControl "180+2"]
[Date "2023.06.13"]
[WhiteClock "0:00:04"]
[BlackClock "0:00:07"]
[Board "155"]

1. d4 Nf6 2. c4 e6 3. Nf3 d5 4. Nc3 Bb4 5. e3 O-O 6. Bd3 c5 7. O-O cxd4 8. exd4 dxc4 9. Bxc4 b6 10. Qe2 Bb7 11. Bg5 Nc6 12. Rad1 Ne7 13. Bxf6 gxf6 14. Ne4 Nd5 15. a3 Be7 16. Rfe1 Rc8 17. Ba2 Kh8 18. Ng3 f5 19. Ne5 Nf4 20. Qd2 Nxg2 21. Qh6 Bg5 22. Qh5 Rc7 23. Nxf7+ Rcxf7 24. Bxe6 Rg7 25. Nxf5 Nf4 26. Qg4 Rg6 27. Kf1 Bg2+ 28. Kg1 Bh3 29. Qf3 Bxf5 30. Bxf5 Rxf5 31. Kh1 Rf8 32. Qe4 Bh6 33. d5 Qg5 34. Rg1 Qh5 35. d6 Rxg1+ 36. Rxg1 Qd5 37. Qxd5 Nxd5 38. Rd1 Nf6 39. Kg2 Rd8 40. Kf3 Bf8 41. d7 Rxd7 42. Re1 Be7 43. Re6 Kg7 44. Rc6 Kf7 45. Ke2 Nd5 46. f3 Nf4+ 47. Ke3 Bg5 48. Ke4 Ne6 49. Kf5 Nd4+ 0-1


[Site "https://www.chess.com"]

[Event "Titled Tuesday Blitz June 13 Late 2023"]
[White "Sebag, Marie"]
[Black "Burdalev, Kirill"]
[WhiteFideId "617822"]
[BlackFideId "14121913"]
[WhiteElo "2431"]
[BlackElo "2236"]
[Result "1-0"]
[Round "1"]
[TimeControl "180+2"]
[Date "2023.06.13"]
[WhiteClock "0:00:13"]
[BlackClock "0:00:02"]
[Board "156"]

1. c4 e6 2. Nc3 d5 3. d4 Be7 4. g3 Nf6 5. Bg2 O-O 6. Nf3 dxc4 7. O-O Nc6 8. e3 Rb8 9. Qe2 b5 10. Rd1 Nd5 11. e4 Ndb4 12. b3 Nd3 13. bxc4 bxc4 14. Be3 Rb2 15. Rd2 Bb4 16. Rxb2 Bxc3 17. Rbb1 Nxd4 18. Nxd4 Bxd4 19. Bxd4 Qxd4 20. Rd1 Ba6 21. Qc2 g6 22. Rab1 Kg7 23. Qa4 Qxf2+ 24. Kh1 Qe3 25. Rf1 Bc8 26. Qxc4 Nf2+ 27. Rxf2 Qxf2 28. Qxc7 Ba6 29. Qc3+ Qf6 30. Qa3 Bc4 31. Qxa7 Rd8 32. Qa5 Rd3 33. Rf1 Qd4 34. Qc7 e5 35. h3 Rd2 36. Rg1 Rxa2 37. Qe7 h5 38. Qg5 Be6 39. Kh2 Qf2 40. Qxe5+ Qf6 41. Qc7 Qf2 42. Qe5+ Qf6 43. Qc7 h4 44. g4 Qg5 45. Qc3+ Kh7 46. Rf1 Qd8 47. Qf3 Qb8+ 48. Kh1 Qb2 49. Rg1 Ra3 50. Qf4 Rg3 51. Qg5 Qf2 52. Qxh4+ Kg7 53. e5 Rxg2 54. Qf6+ Qxf6 55. exf6+ Kxf6 56. Kxg2 Kg5 57. Kg3 f5 58. h4+ Kh6 59. g5+ Kh5 60. Re1 Bc8 61. Re8 f4+ 62. Kxf4 Bf5 63. Rh8# 1-0


[Site "https://www.chess.com"]

[Event "Titled Tuesday Blitz June 13 Late 2023"]
[White "kiwibobo"]
[Black "MaryanKyrychenko"]
[WhiteElo "2281"]
[BlackElo "2598"]
[Result "1-0"]
[Round "1"]
[TimeControl "180+2"]
[Date "2023.06.13"]
[WhiteClock "0:00:19"]
[BlackClock "0:00:04"]
[Board "157"]

1. e4 c5 2. Nf3 d6 3. d4 cxd4 4. Nxd4 Nf6 5. Nc3 g6 6. Be3 Bg7 7. f3 O-O 8. Qd2 Nc6 9. Bc4 Bd7 10. O-O-O b5 11. Nxc6 Bxc6 12. Nxb5 Rb8 13. Nd4 Bd7 14. Kb1 Qc7 15. Bb3 Rfc8 16. h4 a5 17. a4 Rb7 18. h5 Rxb3 19. cxb3 Nxh5 20. g4 Nf6 21. Rc1 Qb7 22. Rxc8+ Qxc8 23. Qxa5 Qb7 24. Ka2 h5 25. g5 Ne8 26. Rc1 h4 27. Nb5 Be6 28. Qa7 Qxa7 29. Nxa7 h3 30. Nc6 Kf8 31. a5 Nc7 32. Nxe7 Na6 33. Nc6 Bd7 34. Nd4 Nb4+ 35. Ka3 Nd3 36. Rd1 h2 37. Rh1 Ne5 38. Rxh2 Ke7 39. Rc2 Kd8 40. a6 Bc8 41. a7 Bb7 42. Nb5 Kd7 43. Rc7+ 1-0


[Site "https://www.chess.com"]